 Dungeon Crawl Stone Soup version 0.26.1-10-gdfb7c7de75 (webtiles) character file.

Game seed: 12204534607233954571

119623 infcreate the Tortoise (level 16, -22/138 HPs)
             Began as a Barachi Fighter on Apr 1, 2021.
             Was the Champion of Cheibriados.
             Killed from afar by a storm dragon (32 damage)
             ... with a bolt of lightning
             ... on level 14 of the Dungeon.
             The game lasted 01:51:08 (23115 turns).

infcreate the Tortoise (Barachi Fighter)           Turns: 23115, Time: 01:51:09

Health: -22/138    AC: 38    Str: 37    XL:     16   Next: 80%
Magic:  33/33      EV:  7    Int: 29    God:    Cheibriados [******]
Gold:   2675       SH: 19    Dex: 35    Spells: 15/15 levels left

rFire    . . .     SeeInvis +   D - +2 double sword (flame)
rCold    . . .     Faith    .   c - +1 kite shield
rNeg     + . .     Spirit   .   x - +3 crystal plate armour of Forking Paths {rN+ Dex+3}
rPois    .         Reflect  .   C - +3 hat of Pondering {ponderous, Will+ MP+10 Int+5}
rElec    .         Harm     .   k - +1 cloak {Will+}
rCorr    .         Rampage  .   O - +0 pair of gloves {Dex+3}
Will     +++..                  (no boots)
Stlth    ..........             u - amulet of the acrobat
HPRegen  0.33/turn              f - +4 ring of protection
MPRegen  0.23/turn              w - ring of see invisible

@: very slow
A: +LOS, swims, slowness 1, strong legs 2
a: Hop, Renounce Religion, Bend Time, Temporal Distortion, Slouch, Step From
Time


You were on level 14 of the Dungeon.
You worshipped Cheibriados.
Cheibriados was exalted by your worship.
You visited 4 branches of the dungeon, and saw 23 of its levels.
You also visited: Volcano.

You collected 2675 gold pieces.

Inventory:

Hand Weapons
 D - a +2 double sword of flaming (weapon)
Armour
 c - a +1 kite shield (worn)
 k - a +1 cloak of willpower (worn)
 x - the +3 crystal plate armour of Forking Paths (worn) {rN+ Dex+3}
   (You acquired it on level 1 of the Orcish Mines)

   It affects your dexterity (+3).
   It protects you from negative energy.
 C - the +3 hat of Pondering (worn) {ponderous, Will+ MP+10 Int+5}
   (You took it off Gastronok on level 9 of the Dungeon)

   It affects your intelligence (+5).
   It affects your willpower, your defense against some magical effects.
   It affects your magic capacity (+10).
 K - a +1 plate armour of fire resistance
 O - a +0 pair of gloves of dexterity (worn)
Jewellery
 f - a +4 ring of protection (left hand)
 u - an amulet of the acrobat (around neck)
 w - a ring of see invisible (right hand)
 y - an uncursed ring of positive energy
 F - an uncursed ring of ice
Wands
 g - a wand of digging (1)
 l - a wand of disintegration (24)
 s - a wand of polymorph (19)
 v - a wand of acid (21)
 E - a wand of flame (30)
 G - a wand of paralysis (8)
Scrolls
 b - 8 scrolls of remove curse
 e - 31 scrolls of identify
 h - 3 scrolls of enchant armour
 o - a scroll of magic mapping
 q - 2 scrolls of enchant weapon
 H - 2 scrolls of blinking
 I - 2 scrolls of fog
 M - 5 scrolls of teleportation
 N - a scroll of brand weapon
 P - 2 scrolls of amnesia
 R - a scroll of vulnerability
Potions
 a - 2 potions of berserk rage {unknown}
 d - 5 potions of attraction {unknown}
 i - 3 potions of invisibility
 j - 3 potions of curing
 m - 5 potions of flight {unknown}
 n - 7 potions of mutation
 p - 3 potions of haste
 r - 2 potions of heal wounds
 t - 5 potions of degeneration {unknown}
 z - 3 potions of brilliance {unknown}
 A - a potion of resistance {unknown}
 B - 4 potions of might
 J - a potion of cancellation {unknown}
 L - a potion of ambrosia {unknown}
 Q - a potion of lignification {unknown}


   Skills:
 + Level 16.3 Fighting
 + Level 16.2 Long Blades
 + Level 16.4 Armour
 + Level 15.2 Shields
 + Level 9.5 Invocations


You had 15 spell levels left.
You didn't know any spells.
Your spell library contained the following spells:

 Spells                   Type           Power        Failure   Level
 Animate Skeleton         Necr           0%           65%         1
 Apportation              Tloc           0%           65%         1
 Beastly Appendage        Tmut           0%           65%         1
 Corona                   Hex            0%           65%         1
 Magic Dart               Conj           0%           65%         1
 Summon Small Mammal      Summ           0%           65%         1
 Blink                    Tloc           N/A          80%         2
 Call Imp                 Summ           0%           80%         2
 Ensorcelled Hibernation  Hex/Ice        0%           80%         2
 Slow                     Hex            0%           80%         2
 Wereblood                Tmut           0%           80%         2
 Confusing Touch          Hex            0%           95%         3
 Conjure Flame            Conj/Fire      0%           95%         3
 Dazzling Flash           Conj/Hex       0%           95%         3
 Lesser Beckoning         Tloc           0%           95%         3
 Mephitic Cloud           Conj/Pois/Air  0%           95%         3
 Spider Form              Tmut/Pois      0%           95%         3
 Tukima's Dance           Hex            0%           95%         3
 Cause Fear               Hex            0%           100%        4
 Ice Form                 Ice/Tmut       0%           100%        4
 Alistair's Intoxication  Tmut/Pois      0%           100%        5
 Blade Hands              Tmut           0%           100%        5
 Silence                  Hex/Air        0%           100%        5
 Yara's Violent Unravell  Hex/Tmut       0%           100%        5
 Invisibility             Hex            0%           100%        6
 Discord                  Hex            0%           100%        8


Dungeon Overview and Level Annotations

Branches:
Dungeon (14/15)            Temple (1/1) D:4            Lair (6/6) D:10
  Swamp (0/4) Lair:2       Spider (0/4) Lair:4        Slime (0/5) Lair:6
    Orc (2/2) D:11            Elf (0/3) Orc:2        Vaults (0/5) D:13
Volcano (visited)

Altars:
Ashenzari
Cheibriados
Dithmenos
Elyvilon
Fedhas
Gozag
Makhleb
Nemelex Xobeh
Okawaru
Qazlal
Ru
Sif Muna
Trog
Uskayaw
Vehumet
Wu Jian
Xom
Zin
The Shining One
Beogh
Jiyva

Shops:
D:4 =   D:10 (   Orc:1 ?   Orc:2 *:[?

Annotations:
Lair:4 3 runed translucent doors, Bananafolds's ghost, journeyman MfSk; Kyusiynim's ghost, journeyman GnEn


Innate Abilities, Weirdness & Mutations

You can be seen from farther away. (+LOS)
You can swim through water.
You cover ground slowly.
You can hop long distances.


Message History

The storm dragon is heavily wounded.
The storm dragon bites you but does no damage.
The storm dragon claws you but does no damage.
You block the storm dragon's attack.
You carve the storm dragon like a ham!!!
You burn the storm dragon!
The storm dragon is almost dead.
The storm dragon breathes lightning at you.
The bolt of lightning hits you!!
* * * LOW HITPOINT WARNING * * *
The bolt of lightning hits you!!
* * * LOW HITPOINT WARNING * * *
The bolt of lightning hits the storm dragon.
The storm dragon completely resists.
You feel much better.
The storm dragon breathes lightning at you.
The bolt of lightning hits you!
* * * LOW HITPOINT WARNING * * *
The bolt of lightning hits you!!
You die...

..............................<..
.##.###.......###................
[##..............................
.....###################.........
.....#♣♣,**#.♣.♣.#.....#.........
.....#♣...♣#♣.♣.♣#†♣♣♣.#.#.......
.....#.......♣.♣.(.♣ *.#.#.......
.....#♣...♣#♣.♣D♣#)♣♣♣†#.#.......
..##.#♣♣,**#.♣.♣@#..)..#.##.#....
.....# *,* ###.#####.♣♣#.##.#....
.....#**,** *♣.♣* ♣.♣ #.##.....#
...#.#*,,,***.≈.** ♣.♣ #.##......
.....#**,***,≈≈≈,* ♣.♣ #.##.....#
.#...#*,..**♣.≈.♣*♣♣.♣♣#.........
...#.#*♣.♣* ♣♣D♣♣#♣...♣#....#....
.....#♣...***.#.*#.....#....#....
.......≈≈≈,*,≈≈≈,#.PPP......#....


You could see a storm dragon (catching breath).

Vanquished Creatures
  Frances (D:14)
  Gastronok (D:9)
  An orc warlord (Orc:1)
  Nessos (D:12)
  A dire elephant (Lair:3)
  A minotaur (Lair:3)
  A red draconian (Volcano)
  The ghost of Myxoid the Carver, a journeyman DsFi of Wu Jian (Lair:3)
  Josephine (D:13)
  2 ogre magi
  Fannar (D:11)
  7 hydras
  A boulder beetle (Lair:3)
  Erica (D:11)
  2 catoblepae
  2 centaur warriors
  A deep troll shaman (Lair:6)
  13 two-headed ogres
  17 death yaks
  A deep troll earth mage (D:14)
  Urug (D:10)
  3 tengu warriors
  Nergalle (Lair:3)
  A deep elf knight (D:13)
  A skeletal warrior (D:13)
  Sonja (Lair:1)
  An unseen horror (D:10)
  A deep elf archer (D:8)
  3 harpies (D:14)
  A lindwurm (Lair:6)
  Pikel (D:9)
  4 deep elf magi
  2 orc knights
  3 ugly things
  6 orc sorcerers (Orc:2)
  3 cyclopes
  Maurice (D:9)
  5 black mambas
  37 elephants
  A molten gargoyle (Volcano)
  4 centaur skeletons
  A torpor snail (Lair:4)
  8 cane toads
  5 rime drakes
  A kobold demonologist (D:12)
  11 komodo dragons
  10 polar bears
  9 trolls
  A meliai (shapeshifter) (D:14)
  A tengu conjurer (D:10)
  3 meliai (D:14)
  A hornet (shapeshifter) (D:14)
  A hornet (D:9)
  15 blink frogs
  2 slime creatures (D:12)
  17 dream sheep (Lair:6)
  Sigmund (D:2)
  2 shadows
  A spriggan (Lair:3)
  A vampire (D:14)
  4 wyverns
  3 wraiths (D:13)
  7 fire bats (Volcano)
  48 yaks
  6 basilisks
  Grum (D:10)
  3 swamp worms (Lair:2)
  8 wargs (Orc:2)
  Menkaure (D:6)
  2 soldier ants
  An acid dragon (D:12)
  29 water moccasins
  Duvessa (D:6)
  6 ice beasts
  4 black bears
  16 orc warriors
  3 necrophages
  5 phantoms
  15 ogres
  7 centaurs
  34 wolves
  2 lemures (D:9)
  5 big kobolds
  Blork the orc (D:6)
  17 bullfrogs
  Dowan (D:6)
  3 scorpions
  2 wyvern skeletons
  25 wights
  A water moccasin skeleton (D:8)
  12 killer bees
  7 howler monkeys
  4 lava snakes (Volcano)
  A quasit (D:11)
  2 bullfrog zombies
  8 hounds
  23 orc priests
  A gnoll shaman (D:2)
  2 iguanas (Lair:2)
  5 jellies
  42 orc wizards
  Jessica (D:3)
  7 bullfrog skeletons
  7 worker ants
  A killer bee zombie (D:7)
  3 hound zombies
  A hound skeleton (D:8)
  A howler monkey zombie (D:8)
  9 gnolls
  15 adders
  A white imp (D:7)
  A worker ant simulacrum (D:10)
  5 ufetubi
  3 oozes
  An adder skeleton (D:5)
  2 worms (D:3)
  2 dart slugs (D:2)
  6 leopard geckos
  109 orcs
  2 ball pythons
  5 giant cockroaches
  10 goblins
  17 hobgoblins
  2 jackals (D:6)
  4 quokkas
  6 bats
  A frilled lizard (D:1)
  17 kobolds
  A quokka skeleton (D:9)
  7 rats
844 creatures vanquished.

Vanquished Creatures (others)
  2 orc wizards (Orc:2)
  An orc (D:13)
  103 fungi
  90 plants
  6 withered plants (Lair:4)
202 creatures vanquished.

Grand Total: 1046 creatures vanquished

Notes
Turn   | Place    | Note
-------+----------+-------------------------------------------
     0 | D:1      | infcreate the Barachi Fighter began the quest for the Orb.
     0 | D:1      | Reached XP level 1. HP: 18/18 MP: 1/1
   335 | D:1      | Reached XP level 2. HP: 18/25 MP: 2/2
   925 | D:2      | Reached XP level 3. HP: 30/30 MP: 3/3
  1077 | D:2      | Noticed Sigmund
  1473 | D:2      | Killed Sigmund
  1474 | D:2      | Reached XP level 4. HP: 7/38 MP: 4/4
  1474 | D:2      | Reached XP level 5. HP: 8/43 MP: 5/5
  1829 | D:2      | Reached skill level 5 in Armour
  2093 | D:2      | Reached skill level 5 in Fighting
  2093 | D:2      | Reached XP level 6. HP: 47/51 MP: 6/6
  2353 | D:3      | Noticed Jessica
  2358 | D:3      | Killed Jessica
  2533 | D:3      | Reached skill level 5 in Shields
  2533 | D:3      | Reached XP level 7. HP: 31/56 MP: 7/7
  2538 | D:3      | HP: 2/56 [poisoned by a gnoll]
  3035 | D:3      | Found an iron altar of Okawaru.
  3119 | D:3      | Reached skill level 5 in Long Blades
  3614 | D:4      | Found Petaadwa's Jewellery Boutique.
  3664 | D:4      | Found a staircase to the Ecumenical Temple.
  3722 | Temple   | Entered the Ecumenical Temple
  3819 | Temple   | Became a worshipper of Cheibriados the Contemplative
  4080 | D:5      | Entered Level 5 of the Dungeon
  4246 | D:5      | Reached XP level 8. HP: 64/64 MP: 8/8
  4292 | D:5      | Reached * piety under Cheibriados
  4596 | D:5      | Found a blossoming altar of Fedhas.
  4716 | D:5      | Found Bekhahov's Jewellery Shop.
  5047 | D:5      | Found a faded altar of an unknown god.
  5047 | D:5      | Found an iron altar of Okawaru.
  5054 | D:5      | Found a faded altar of an unknown god.
  5056 | D:5      | Found a sparkling altar of Nemelex Xobeh.
  5058 | D:5      | Found a bloodstained altar of Trog.
  5156 | D:6      | Noticed Duvessa
  5159 | D:6      | Noticed Dowan
  5166 | D:6      | Killed Duvessa
  5177 | D:6      | Killed Dowan
  5213 | D:6      | Noticed Menkaure
  5217 | D:6      | Killed Menkaure
  5228 | D:6      | Reached ** piety under Cheibriados
  5410 | D:6      | Reached XP level 9. HP: 45/72 MP: 9/9
  5493 | D:6      | Found a blossoming altar of Fedhas.
  5534 | D:6      | Noticed Blork the orc
  5553 | D:6      | Killed Blork the orc
  5793 | D:6      | Found a shimmering altar of Xom.
  5793 | D:6      | Found a shimmering altar of Xom.
  5795 | D:6      | Found a shimmering altar of Xom.
  5796 | D:6      | Found a shimmering altar of Xom.
  5802 | D:6      | You fall into a shaft and drop 2 floors!
  5853 | D:8      | Reached *** piety under Cheibriados
  6036 | D:8      | Noticed a brown ugly thing
  6040 | D:8      | Found a large runed translucent door.
  6040 | D:8      | Noticed a troll
  6041 | D:8      | Found a large runed translucent door.
  6083 | D:8      | Killed a brown ugly thing
  6092 | D:8      | Reached XP level 10. HP: 61/83 MP: 10/10
  6676 | D:6      | Reached **** piety under Cheibriados
  7194 | D:8      | Noticed a two-headed ogre
  7213 | D:8      | Killed a two-headed ogre
  7214 | D:8      | Reached skill level 10 in Armour
  7217 | D:8      | Reached skill level 10 in Fighting
  7423 | D:8      | Found a shimmering blue altar of Sif Muna.
  7526 | D:8      | Noticed a centaur warrior
  7531 | D:8      | Noticed a deep elf archer
  7844 | D:8      | Found a burning altar of Makhleb.
  7922 | D:9      | Noticed Pikel
  7932 | D:9      | Killed Pikel
  7936 | D:9      | Noticed a two-headed ogre
  7944 | D:9      | Killed a two-headed ogre
  7944 | D:9      | Reached ***** piety under Cheibriados
  7945 | D:9      | Reached skill level 10 in Long Blades
  7945 | D:9      | Reached XP level 11. HP: 67/92 MP: 11/11
  8215 | D:9      | Noticed Maurice
  8227 | D:9      | Killed Maurice
  8228 | D:9      | Reached skill level 10 in Shields
  8532 | D:9      | Noticed Gastronok
  8554 | D:9      | Killed Gastronok
  8794 | D:9      | Found a snail-covered altar of Cheibriados.
  9016 | D:10     | Entered Level 10 of the Dungeon
  9020 | D:10     | Noticed an ogre mage
  9030 | D:10     | Killed an ogre mage
  9063 | D:10     | Noticed an unseen horror
  9067 | D:10     | Killed an unseen horror
  9111 | D:10     | Noticed Urug
  9132 | D:10     | Killed Urug
  9367 | D:10     | Reached XP level 12. HP: 100/100 MP: 12/12
  9675 | D:10     | Found Raosmuki's Weapon Emporium.
  9675 | D:10     | Noticed a two-headed ogre
  9675 | D:10     | Noticed Grum
  9680 | D:10     | Reached ****** piety under Cheibriados
  9702 | D:10     | Killed a two-headed ogre
  9722 | D:10     | Killed Grum
 10001 | D:10     | Found a staircase to the Lair.
 10053 | D:11     | Noticed a two-headed ogre
 10059 | D:11     | Killed a two-headed ogre
 10292 | D:11     | Noticed Erica
 10302 | D:11     | Killed Erica
 10303 | D:11     | Reached skill level 1 in Invocations
 10789 | D:11     | Noticed a two-headed ogre
 10792 | D:11     | Killed a two-headed ogre
 10961 | D:11     | Found a staircase to the Orcish Mines.
 11046 | Lair:1   | Entered Level 1 of the Lair of Beasts
 11310 | Lair:1   | Gained mutation: You can hop long distances. [Barachi
                  | growth]
 11310 | Lair:1   | Reached XP level 13. HP: 109/109 MP: 15/15
 11394 | Lair:1   | Noticed Sonja
 11395 | Lair:1   | Killed Sonja
 12637 | Lair:2   | Found a staircase to the Swamp.
 12714 | Lair:3   | Found a dark tunnel.
 12759 | Volcano  | Entered a volcano
 12965 | Volcano  | Noticed a red draconian
 12968 | Volcano  | Found a bloodstained altar of Trog.
 13015 | Volcano  | Reached skill level 5 in Invocations
 13020 | Volcano  | Killed a red draconian
 13572 | Lair:3   | Noticed a minotaur
 13574 | Lair:3   | Noticed Myxoid's ghost (journeyman DsFi)
 13585 | Lair:3   | Found a runed translucent gate.
 13585 | Lair:3   | Found a runed translucent gate.
 13585 | Lair:3   | Found a runed translucent gate.
 13617 | Lair:3   | Killed Myxoid's ghost
 13660 | Lair:3   | Killed a minotaur
 13661 | Lair:3   | Reached XP level 14. HP: 74/119 MP: 17/18
 13981 | Lair:3   | Noticed a dire elephant
 13993 | Lair:3   | Killed a dire elephant
 14216 | Lair:3   | Noticed Nergalle
 14236 | Lair:3   | Killed Nergalle
 15019 | Lair:4   | Found a runed translucent gate.
 15020 | Lair:4   | Found a runed translucent gate.
 15021 | Lair:4   | Found a runed translucent gate.
 15027 | Lair:4   | Noticed Kyusiynim's ghost (journeyman GnEn)
 15027 | Lair:4   | Noticed Bananafolds's ghost (journeyman MfSk)
 15351 | Lair:4   | Found a hole to the Spider Nest.
 15804 | Lair:5   | Found the +8 whip "Snakebite" {curare, rPois}
 15859 | Lair:5   | Found the +8 frozen axe "Frostbite" {freezing cloud, *Noise
                  | +Fly rC+}
 16332 | Lair:5   | Reached XP level 15. HP: 124/127 MP: 20/20
 16689 | Lair:6   | Entered Level 6 of the Lair of Beasts
 17132 | Lair:5   | Reached skill level 15 in Armour
 17235 | Lair:6   | Reached skill level 15 in Fighting
 17402 | Lair:6   | Reached skill level 15 in Long Blades
 17700 | Lair:6   | Found a staircase to the Slime Pits.
 17702 | Lair:6   | Found a viscous altar of Jiyva.
 18703 | Orc:1    | Entered Level 1 of the Orcish Mines
 18703 | Orc:1    | Found Vokhodwuuph's Magic Scroll Shop.
 18759 | Orc:1    | Noticed Fannar
 18888 | D:11     | Killed Fannar
 19189 | Orc:1    | Identified a scroll of acquirement
 19189 | Orc:1    | Acquired the +3 crystal plate armour of Forking Paths {rN+
                  | Dex+3}
 19662 | Orc:2    | Entered Level 2 of the Orcish Mines
 19662 | Orc:2    | Found a radiant altar of Vehumet.
 19864 | Orc:2    | Reached XP level 16. HP: 104/136 MP: 22/22
 19870 | Orc:2    | Found Ubeut's Magic Scroll Boutique.
 19870 | Orc:2    | Found Famypy's Armour Shoppe.
 20130 | Orc:2    | Found a roughly hewn altar of Beogh.
 20188 | Orc:2    | Found Vafreusk's Book Boutique.
 20188 | Orc:2    | Found Fauce's General Store.
 20253 | Orc:2    | Found a staircase to the Elven Halls.
 20691 | D:12     | Noticed Nessos
 20698 | D:12     | Killed Nessos
 21589 | D:13     | You fall into a shaft and drop 1 floor!
 21590 | D:14     | Noticed Frances
 21599 | D:14     | Killed Frances
 21601 | D:14     | Found a gate leading to a gauntlet.
 21649 | D:14     | Found an opulent altar of Gozag.
 21864 | D:13     | Reached skill level 15 in Shields
 21929 | D:13     | Noticed Josephine
 21937 | D:13     | Killed Josephine
 21994 | D:13     | Found a gate to the Vaults.
 22198 | D:8      | Found a glowing silver altar of Zin.
 22204 | D:8      | Found a sparkling altar of Nemelex Xobeh.
 22341 | D:13     | You fall into a shaft and drop 1 floor!
 23092 | D:14     | Noticed a storm dragon
 23115 | D:14     | Killed from afar by a storm dragon

Illustrated notes

Levels and vault maps discovered:
D:1:      dpeg_arrival_pond, layout_basic
D:2:      layout_basic, uniq_sigmund
D:3:      layout_loops_ring, okawaru_altar_gauntlet_db, uniq_jessica
D:4:      cheibrodos_greedy_goblins, layout_basic,
          minmay_temple_entry_sparse_star, serial_shops, nicolae_shop_stone,
          solitary_fountain
D:5:      layout_loops_cross, marbit_many_paths,
          chequers_temple_overflow_minitemple, serial_shops,
          nicolae_shop_crystal, hex_medium, minmay_misc_feat_room
D:6:      layout_loops_ring, xom_redecorated, fedhas_altar_4,
          uniq_blork_the_orc, uniq_duvessa, uniq_menkaure
D:7:      layout_gridville
D:8:      layout_basic, lightli_temple_of_fire, basic_altar,
          jmf_multi_god_temple2
D:9:      layout_basic, cheibriados_altar_1, uniq_gastronok, uniq_maurice,
          uniq_pikel
D:10:     wander_river, layout_gridville, serial_shops, shop, minivault_20,
          kb_rosetta, uniq_grum, uniq_urug
D:11:     layout_irregular_city, orc_0_dummy, grunt_ogre_cave, uniq_erica
D:12:     layout_rooms, uniq_nessos
D:13:     layout_irregular_city, hangedman_vaults_entry_quadrant_bands,
          uniq_josephine
D:14:     nzn_winding_woodlands_medium [nzn_winding_woodlands_5x5_closed_star,
          nzn_winding_woodlands_5x15_pool, nzn_winding_woodlands_5x5_open_star,
          nzn_winding_woodlands_5x5_three,
          nzn_winding_woodlands_center_triple_pond,
          nzn_winding_woodlands_5x5_checkerboard,
          nzn_winding_woodlands_5x5_cross, nzn_winding_woodlands_5x15_garden,
          nzn_winding_woodlands_5x5_perimeter], layout_basic,
          gauntlet_entry_generic, basic_altar, chequers_serial_rivers_large_a,
          uniq_frances
Temple:   eino_temple_rhombus
Lair:1:   layout_long_grid, grunt_megastairs_5, uniq_sonja
Lair:2:   layout_regular_city, palyth_hydra_swamp_entry, minmay_hedge_maze,
          chequers_serial_rivers_small_3, beast_lair_carwin_7
Lair:3:   mu_elephants_graveyard, layout_long_grid,
          maelrawn_ghost_gauntlet_escape, serial_forest,
          infiniplex_forest_lined_1, infiniplex_forest_lined_corner,
          infiniplex_forest_zigzag_1, infiniplex_forest_straight_2,
          infiniplex_forest_diagonal, nicolae_volcano_entry_lava_flow,
          st_stairs_4, chequers_serial_rivers_large_b, uniq_nergalle
Lair:4:   layout_cave_pods, spider_nest_entry_web_field,
          gammafunk_ghost_cemetery
Lair:5:   minmay_guarded_unrand_snakebite, layout_gridlike, beast_lair_carwin_1
Lair:6:   grunt_lair_end_beastmaster, layout_gridlike, slime_altar_1,
          hibernation_bobbens, grunt_megastairs_3
Orc:1:    layout_caves, serial_shops, shop_coins, minmay_orc_barracks,
          uniq_fannar
Orc:2:    st_orc_town, layout_caves, basic_altar

Skill      XL: |  1  2  3  4  5  6  7  8  9 10 11 12 13 14 15 16 |
---------------+-------------------------------------------------+-----
Armour         | 4 5 6 7 9 10 11 12 13 14 15 16 | 16.4
Fighting       | 4 5 6 7 9 10 11 12 13 14 15 16 | 16.3
Long Blades    | 4 5 7 8 10 11 12 13 14 15 16 | 16.2
Shields        | 4 5 6 8 9 10 11 12 13 14 15 | 15.2
Invocations    | 3 5 7 8 9 |  9.5

Action                   |  1- 3 |  4- 6 |  7- 9 | 10-12 | 13-15 | 16-18 || total
-------------------------+-------+-------+-------+-------+-------+-------++-------
Melee: Long sword        |   106 |   125 |   401 |   523 |   202 |       ||  1357
       Scimitar          |       |       |       |       |    18 |       ||    18
       Double sword      |       |       |       |       |   785 |   483 ||  1268
Invok: Bend Time         |       |       |       |     1 |     1 |       ||     2
       Slouch            |       |       |       |       |    10 |     2 ||    12
       Temporal Distorti |       |       |       |       |     3 |       ||     3
 Abil: Hop               |     1 |       |       |     1 |     2 |       ||     4
  Use: Scroll            |     1 |     2 |     4 |     3 |    12 |     1 ||    23
       Potion            |     2 |       |     1 |       |     4 |     1 ||     8
 Stab: Petrifying        |       |       |       |       |     3 |       ||     3
Armor: Chain mail        |    72 |    86 |   143 |       |       |       ||   301
       Plate armour      |       |       |    53 |   281 |   581 |       ||   915
       Crystal plate arm |       |       |       |       |    18 |   154 ||   172
Dodge: Dodged            |    13 |    26 |    74 |   148 |   305 |   132 ||   698
Block: Kite shield       |    45 |    73 |   252 |   441 |  1056 |   414 ||  2281
       Rpst.: Long sword |     4 |    13 |    20 |    37 |    11 |       ||    85
       Double sword      |       |       |       |       |    51 |    29 ||    80
